 Seeded DCSS version 0.30.2 (webtiles) character file.

Game seed: 12339998894011203043 (custom seed)

164 porpoise the Shooter (level 5, -11/41 HPs)
             Began as a Human Hunter on Jan 28, 2024.
             Killed by divine providence
             ... invoked by an orc priest
              (14 damage)
             ... on level 3 of the Dungeon.
             The game lasted 00:04:51 (2083 turns).

porpoise the Shooter (Human Hunter)                 Turns: 2083, Time: 00:04:51

Health: -11/41     AC:  4    Str: 10 (11) XL:     5   Next: 73%
Magic:  5/5        EV: 12    Int:  9 (10) God:
Gold:   80         SH:  0    Dex: 16 (18) Spells: 4/4 levels left

rFire   . . .        a - +0 shortbow
rCold   . . .        (shield currently unavailable)
rNeg    . . .        c - +0 leather armour
rPois   .            (no helmet)
rElec   .            (no cloak)
rCorr   .            (no gloves)
SInv    .            j - +0 pair of boots
Will    .....        (no amulet)
Stlth   ++           (no ring)
HPRegen 0.26/turn    (no ring)
MPRegen 0.09/turn

%: no passive effects
@: no status effects
A: no striking features
a: no special abilities


You were on level 3 of the Dungeon.
You visited 1 branch of the dungeon, and saw 3 of its levels.

You collected 152 gold pieces.
You spent 72 gold pieces at shops.

Inventory:

Hand Weapons
 a - a +0 shortbow (weapon)
 b - the +8 quarterstaff "Ruahoiry" {venom, Int+4}
   (You found it on level 2 of the Dungeon)

   Int:       It affects your intelligence (+4).
 l - a +8 club
 n - the +8 mace of Gevvocwe {chaos, rC+ Str+4 SInv}
   (You found it on level 3 of the Dungeon)

   Str:       It affects your strength (+4).
   rC:        It protects you from cold.
   SInv:      It lets you see invisible.
Armour
 c - a +0 leather armour (worn)
 j - a +0 pair of boots (worn)
Scrolls
 d - a scroll of teleportation {unknown}
 e - 5 scrolls of identify
 h - a scroll of torment {unknown}
 i - 2 scrolls of fear {unknown}
 k - a scroll of blinking {unknown}
 m - a scroll of immolation
Potions
 f - 5 potions of curing
 g - 3 potions of lignification


   Skills:
 + Level 3.1 Fighting
 * Level 5.4 Ranged Weapons
 - Level 2.0 Dodging
 + Level 2.7 Stealth


You had 4 spell levels left.
You didn't know any spells.
Your spell library was empty.

Dungeon Overview and Level Annotations

Branches:
Dungeon (3/15)

Altars:

Shops:
D:3 !


Message History

You shoot an arrow. The orc priest shouts!
The arrow hits the orc priest but does no damage.
You shoot an arrow. The arrow hits the orc priest.
The orc priest is moderately wounded.
You shoot an arrow.
The arrow completely misses the orc priest.
You hear a shout!
An orc comes into view. It is wielding a +0 flail.
You shoot an arrow. The arrow hits the orc priest.
The orc priest is heavily wounded.
The orc priest begins to cast a cantrip, but forgets the words!
You shoot an arrow.
The arrow hits the orc priest but does no damage.
The orc priest is heavily wounded.
The orc priest closely misses you.
You shoot an arrow.
The arrow hits the orc priest but does no damage.
The orc priest is heavily wounded.
The orc priest barely misses you. The orc hits you with a +0 flail.
The orc priest calls down the wrath of Beogh upon you.
Pain shoots through your body!
You shoot an arrow.
The arrow closely misses the orc priest.
The orc priest hits you with a +0 hand axe.
The orc barely misses you.
You shoot an arrow. The arrow barely misses the orc priest.
The orc barely misses you.
The orc priest hits you with a +0 hand axe.
You are too injured to fight recklessly!
You are too injured to fight recklessly!
The orc hits you with a +0 flail.
The orc priest invokes the aid of Beogh against you.
Beogh smites you!
* * * LOW HITPOINT WARNING * * *
You shoot an arrow. The arrow hits the orc!
You kill the orc!
The orc priest mumbles some strange prayers to Beogh against you.
Beogh smites you!
You die...

#........##....#
#........##....#
#####........##....#
....'........##....#
#####........##....#
....).............##
#################.#
#.#####'###...
#.....@)o......
#.#........>...
#............
#.........###
#####.....# #.....#
#.....# .....#


You could see an orc priest.

Vanquished Creatures
  An orc priest (D:3)
  Jessica (D:2)
  Terence (D:3)
  3 adders
  3 worms
  2 dart slugs
  2 orcs (D:3)
  2 ball pythons
  3 endoplasms
  2 giant cockroaches
  3 goblins (D:2)
  6 hobgoblins (D:2)
  3 jackals (D:2)
  5 bats
  6 frilled lizards
  3 kobolds
  A rat (D:2)
47 creatures vanquished.

Notes
Turn   | Place    | Note
-------+----------+-------------------------------------------
     0 | D:1      | porpoise the Human Hunter began the quest for the Orb.
     0 | D:1      | Reached XP level 1. HP: 16/16 MP: 1/1
   129 | D:1      | Reached XP level 2. HP: 22/22 MP: 2/2
   457 | D:1      | Found a faded altar of an unknown god.
   529 | D:2      | Reached XP level 3. HP: 19/28 MP: 3/3
  1065 | D:2      | Noticed Jessica
  1068 | D:2      | Killed Jessica
  1069 | D:2      | Reached XP level 4. HP: 34/34 MP: 4/4
  1166 | D:2      | Reached skill level 5 in Ranged Weapons
  1370 | D:2      | Identified the +8 quarterstaff "Ruahoiry" {venom, Int+4}
  1636 | D:3      | Reached XP level 5. HP: 29/40 MP: 5/5
  1844 | D:3      | Noticed Terence
  1866 | D:3      | Killed Terence
  1969 | D:3      | Found Yghaacs's Distillery.
  1974 | D:3      | Identified the +8 mace of Gevvocwe {chaos, rC+ Str+4 SInv}
  1984 | D:3      | Bought a potion of curing for 36 gold pieces
  1984 | D:3      | Bought a potion of curing for 36 gold pieces
  2083 | D:3      | Killed from afar by an orc priest

Illustrated notes

Levels and vault maps discovered:
D:1:      lemuel_arrival_funnel, layout_rooms,
          dilly_ecumenical_altar_fadedgnrine
D:2:      layout_basic, nicolae_figureground_pulse, uniq_jessica
D:3:      layout_basic, serial_shops, shop_fountains, kennysheep_generic_room_9,
          uniq_crazy_yiuf_cottage, uniq_terence, uniq_natasha

Skill      XL: |  1  2  3  4  5 |
---------------+----------------+-----
Stealth        | 2 |  2.7
Ranged Weapons | 5 |  5.4
Fighting       | 3 |  3.1
Dodging        | |  2.0

Action                     |  1- 3 |  4- 6 || total
---------------------------+-------+-------++-------
   Fire: Shortbow          |    84 |    77 ||   161
    Use: Scroll            |       |     2 ||     2
         Potion            |       |     2 ||     2
 Armour: Leather armour    |     4 |     6 ||    10
  Dodge: Dodged            |    19 |    22 ||    41
